[Event "Titled Tuesday Blitz May 10 Late 2022"]
[White "Gatterer, Florian"]
[Black "Baches Garcia, Guillermo"]
[WhiteFideId "811688"]
[BlackFideId "2209764"]
[WhiteElo "2218"]
[BlackElo "2516"]
[Result "0-1"]
[Round "03"]
[TimeControl "180+1"]
[Date "2022.05.11"]
[WhiteClock "0:00:03"]
[BlackClock "0:00:10"]

1. Nf3 d5 2. d4 Nf6 3. Bf4 e6 4. e3 Bd6 5. Nbd2 c5 6. dxc5 Bxc5 7. Bd3 Nc6 8. O-O O-O 9. Qe2 h6 10. h3 Re8 11. Ne5 Bd6 12. Ndf3 Qc7 13. Nxc6 bxc6 14. Bxd6 Qxd6 15. c4 e5 16. e4 d4 17. c5 Qxc5 18. Rfc1 Qd6 19. Rc2 Bd7 20. Rac1 Rab8 21. Kh1 Nh5 22. Nd2 Nf4 23. Qf3 Qf6 24. Nc4 c5 25. b3 Rec8 26. Bf1 Bc6 27. Kh2 Kf8 28. g3 Ne6 29. Qxf6 gxf6 30. Bd3 Ke7 31. f3 Rg8 32. Na5 Ba8 33. Bc4 Ng5 34. Rf2 h5 35. h4 Nh7 36. Bd3 Rbc8 37. Rfc2 Kd6 38. Nc4+ Ke7 39. Nd2 Kd6 40. Nc4+ Kc6 41. Na5+ Kb6 42. Nc4+ Kc7 43. Nd2 Kd7 44. Rxc5 Rxc5 45. Rxc5 Nf8 46. Ra5 Ne6 47. Rxa7+ Nc7 48. Nc4 Kc6 49. Ra3 Nb5 50. Ra5 Nc3 51. Kg2 Kb7 52. Kf2 Rd8 53. Ra3 f5 54. Na5+ Kb6 55. exf5 e4 56. Bxe4 Bxe4 57. fxe4 d3 58. Nc4+ Kc5 59. Nd2 Kb4 60. Ra7 Nd1+ 61. Kf3 Kc3 62. Rb7 Kxd2 63. Kf4 Nc3 64. Kg5 Kc2 65. Rxf7 d2 66. Rc7 d1=Q 67. f6 Qf3 68. Kg6 Kd3 69. f7 Nxe4 70. f8=Q Qxf8 71. Rd7+ Rxd7 72. b4 Qf6+ 73. Kxh5 Rd5+ 74. Kg4 Qf5# 0-1


[Site "https://www.chess.com"]

[Event "Titled Tuesday Blitz May 10 Late 2022"]
[White "Godzwon, Iwo"]
[Black "Clarke, Brandon G I"]
[WhiteFideId "21802483"]
[BlackFideId "400319"]
[WhiteElo "2201"]
[BlackElo "2414"]
[Result "1-0"]
[Round "03"]
[TimeControl "180+1"]
[Date "2022.05.10"]
[WhiteClock "0:00:50"]
[BlackClock "0:01:12"]

1. e4 c5 2. Nf3 d6 3. d4 cxd4 4. Nxd4 Nf6 5. Nc3 a6 6. Be3 e5 7. Nb3 Be6 8. Qd2 Nbd7 9. f4 exf4 10. Bxf4 Ne5 11. Nd4 Be7 12. O-O-O O-O 13. Nxe6 fxe6 14. g3 Qc8 15. Bh3 b5 16. Nd5 Nxd5 17. exd5 Qc4 18. Bxe6+ Kh8 19. Kb1 Bf6 20. Rhf1 a5 21. Rde1 a4 22. a3 Rab8 23. Qb4 Qc7 24. Bd2 Nc4 25. Bc3 Bxc3 26. Qxc3 Qc5 27. Kc1 h6 28. Rf4 Rxf4 29. gxf4 Rf8 30. f5 Qf2 31. h3 Qf4+ 32. Kb1 Rb8 33. Rg1 Ne5 34. Qb4 Qh2 35. Rc1 Nc4 36. Qc3 Rf8 37. Bd7 Rb8 38. Re1 Ne5 39. Be6 Qf2 40. Rc1 Qf4 41. Qc7 Ra8 42. Rg1 1-0


[Site "https://www.chess.com"]

[Event "Titled Tuesday Blitz May 10 Late 2022"]
[White "Gurevich, Dmitry"]
[Black "Antonova, Nadezhda"]
[WhiteFideId "2000407"]
[BlackFideId "14700182"]
[WhiteElo "2506"]
[BlackElo "1743"]
[Result "1-0"]
[Round "03"]
[TimeControl "180+1"]
[Date "2022.05.11"]
[WhiteClock "0:01:33"]
[BlackClock "0:01:37"]

1. d4 Nf6 2. c4 g6 3. Nc3 Bg7 4. e4 d6 5. Nf3 O-O 6. Be2 e5 7. O-O Nc6 8. d5 Ne7 9. Ne1 Nd7 10. Be3 f5 11. f3 f4 12. Bf2 g5 13. Nb5 a6 14. Na7 Rxa7 15. Bxa7 b6 16. b4 Bb7 17. Rc1 Qa8 18. c5 Qxa7 19. c6 Nf6 20. cxb7 Qxb7 21. Nd3 h5 22. Nf2 Kh7 23. Qd3 Rg8 24. Qxa6 Qb8 25. Qc4 Ne8 26. Kh1 Qc8 27. Qa6 Qd8 28. Qa7 Nc8 29. Qb7 Bf6 30. Bb5 Rg7 31. Qc6 Re7 32. Rc2 Na7 33. Qc4 Nxb5 34. Qxb5 Rg7 35. h3 Qe7 36. Rfc1 Qf8 37. Qe2 Qg8 38. a4 Bd8 39. a5 Nf6 40. a6 g4 41. fxg4 hxg4 42. Nxg4 Nxg4 43. hxg4 Rxg4 44. Rc3 Rg3 45. Rxg3 fxg3 46. Qh5+ Kg7 47. Qg4+ 1-0


[Site "https://www.chess.com"]

[Event "Titled Tuesday Blitz May 10 Late 2022"]
[White "Hakobyan, Aram"]
[Black "Maksimovic, Bojan"]
[WhiteFideId "13306677"]
[BlackFideId "14408120"]
[WhiteElo "2557"]
[BlackElo "2448"]
[Result "1-0"]
[Round "03"]
[TimeControl "180+1"]
[Date "2022.05.10"]
[WhiteClock "0:00:16"]
[BlackClock "0:00:01"]

1. e4 c5 2. Nf3 Nc6 3. Bb5 e6 4. O-O Nge7 5. Re1 a6 6. Bf1 d5 7. exd5 Nxd5 8. d4 Nf6 9. Be3 Be7 10. c4 O-O 11. h3 b6 12. Nc3 Bb7 13. dxc5 bxc5 14. Qxd8 Rfxd8 15. Rad1 Nb4 16. Rxd8+ Rxd8 17. Rc1 Ne4 18. a3 Nxc3 19. Rxc3 Bxf3 20. gxf3 Nc6 21. Kg2 Rb8 22. b3 Rd8 23. Be2 f5 24. f4 Nd4 25. Bf3 Nxf3 26. Kxf3 Kf7 27. Ke2 h6 28. Rd3 Rxd3 29. Kxd3 g5 30. f3 Ke8 31. Bd2 Kd7 32. fxg5 hxg5 33. b4 Kc6 34. Bc3 Kd7 35. b5 Kc7 36. a4 Kb6 37. a5+ Kb7 38. Kc2 Ka7 39. Kb3 Kb7 40. Be5 Ka7 41. Kc2 Kb7 42. Kd3 Bd8 43. b6 Be7 44. Ke3 Kc6 45. f4 gxf4+ 46. Kxf4 Bh4 47. Kf3 Be1 48. Ke2 Bxa5 49. h4 Bxb6 50. h5 1-0


[Site "https://www.chess.com"]

[Event "Titled Tuesday Blitz May 10 Late 2022"]
[White "Hansen, Eric"]
[Black "Lazov, Toni"]
[WhiteFideId "2606771"]
[BlackFideId "15000770"]
[WhiteElo "2568"]
[BlackElo "2321"]
[Result "1-0"]
[Round "03"]
[TimeControl "180+1"]
[Date "2022.05.10"]
[WhiteClock "0:00:15"]
[BlackClock "0:00:10"]

1. e4 c5 2. Nf3 d6 3. Bc4 Nf6 4. d3 e6 5. O-O Nc6 6. c3 Be7 7. Bb3 b5 8. Re1 a5 9. a4 b4 10. d4 O-O 11. d5 exd5 12. exd5 Nb8 13. Nbd2 Bg4 14. h3 Bh5 15. Nf1 Nbd7 16. Ng3 Bg6 17. Nh4 Re8 18. Nxg6 hxg6 19. Bc4 Bf8 20. Rxe8 Qxe8 21. Bf4 Ra7 22. Bb5 Qd8 23. Qd3 Nb6 24. Bc6 Nc8 25. cxb4 axb4 26. Bg5 Ne7 27. Bb5 Qa8 28. Bxf6 gxf6 29. Ne4 f5 30. Nxd6 Qxd5 31. Rd1 Qxd3 32. Rxd3 Kg7 33. b3 f4 34. Kf1 Kf6 35. Ne4+ Kg7 36. Nxc5 Rc7 37. Nd7 Nf5 38. Nxf8 Kxf8 39. Bc4 Rc5 40. Ke2 Ke7 41. Rd5 Rxd5 42. Bxd5 f6 43. Kd3 Kd6 44. Be4 Ne7 45. Kc4 f5 46. Bf3 1-0


[Site "https://www.chess.com"]

[Event "Titled Tuesday Blitz May 10 Late 2022"]
[White "Herrera Reyes, Jose Antonio"]
[Black "Paravyan, David"]
[WhiteFideId "2274914"]
[BlackFideId "4194985"]
[WhiteElo "2361"]
[BlackElo "2569"]
[Result "1/2-1/2"]
[Round "03"]
[TimeControl "180+1"]
[Date "2022.05.10"]
[WhiteClock "0:00:17"]
[BlackClock "0:00:13"]

1. e4 e5 2. Nf3 Nf6 3. Nxe5 d6 4. Nf3 Nxe4 5. Nc3 Nxc3 6. dxc3 Be7 7. h3 O-O 8. Bd3 Nd7 9. O-O Nc5 10. Re1 Nxd3 11. cxd3 Re8 12. d4 Bf6 13. Bf4 Bd7 14. Qb3 b6 15. Rxe8+ Qxe8 16. Re1 Qd8 17. a3 h6 18. Qd5 Rb8 19. Nd2 Be6 20. Qf3 d5 21. Qg3 Bh4 22. Qh2 Rc8 23. Nf3 Bf6 24. Qg3 Kh7 25. Ne5 c5 26. Be3 Qc7 27. f4 Bf5 28. Bf2 g6 29. Qe3 Bg7 30. g4 Be4 31. Qg3 Re8 32. Kh2 Re7 33. f5 Bxe5 34. dxe5 Qxe5 35. fxg6+ fxg6 36. Qxe5 Rxe5 37. b4 cxb4 38. axb4 Re7 39. Bd4 Rf7 40. Ra1 Kg8 41. Kg3 Kf8 42. h4 Ke8 43. h5 gxh5 44. gxh5 Rf5 45. Rxa7 Rxh5 46. Bxb6 Rf5 47. Bd4 Bd3 48. Kh4 Kd8 49. Kg4 h5+ 50. Kh4 Kc8 51. Rg7 Be2 52. Kg3 Rf3+ 53. Kg2 Rf5 54. Re7 Bc4 55. Kg3 Kd8 56. Rg7 Kc8 57. Kh4 Be2 58. Re7 Bc4 59. Rh7 Kb8 60. Rxh5 Rxh5+ 61. Kxh5 Kb7 62. Kg5 Kc6 63. Kf6 Kb5 64. Ke5 Bb3 65. Kd6 Bc4 66. Kc7 Bb3 67. Kd6 Bc4 68. Kc7 Bb3 69. Kd6 1/2-1/2


[Site "https://www.chess.com"]

[Event "Titled Tuesday Blitz May 10 Late 2022"]
[White "Hnydiuk, Aleksander"]
[Black "Mekhane, Adam"]
[WhiteFideId "1109057"]
[BlackFideId "36050601"]
[WhiteElo "2374"]
[BlackElo "2002"]
[Result "1-0"]
[Round "03"]
[TimeControl "180+1"]
[Date "2022.05.11"]
[WhiteClock "0:00:22"]
[BlackClock "0:00:01"]

1. e4 c5 2. Nf3 Nc6 3. d4 cxd4 4. Nxd4 Nf6 5. Nc3 d6 6. f3 g6 7. Be3 Bg7 8. Qd2 O-O 9. O-O-O d5 10. exd5 Nxd5 11. Nxc6 bxc6 12. Bd4 e5 13. Bc5 Be6 14. Ne4 Re8 15. h4 h6 16. h5 g5 17. Bc4 Qc7 18. Kb1 Red8 19. Bb3 a5 20. a4 Rab8 21. g3 f5 22. Nxg5 hxg5 23. Qxg5 Kh8 24. Bxd5 cxd5 25. h6 Bf8 26. Qf6+ Kh7 27. Bxf8 Rxf8 28. Qxe6 d4 29. f4 Rb7 30. fxe5 Rb6 31. Qa2 Rfb8 32. b3 Qxe5 33. Qb2 Rb4 34. Rh4 Rxa4 35. Rhxd4 Rxd4 36. Rxd4 Qe1+ 37. Ka2 Rb7 38. Rd8 Kxh6 39. Qf6+ Kh5 40. Qxf5+ Kh6 41. Qf6+ Kh5 42. g4+ Kxg4 43. Rg8+ Kh3 44. Qf3+ Kh2 45. Qg2# 1-0


[Site "https://www.chess.com"]

[Event "Titled Tuesday Blitz May 10 Late 2022"]
[White "Hoffmann, Asa"]
[Black "Lohani, Sujana"]
[WhiteFideId "2001470"]
[BlackFideId "12311987"]
[WhiteElo "2117"]
[BlackElo "1691"]
[Result "1-0"]
[Round "03"]
[TimeControl "180+1"]
[Date "2022.05.11"]
[WhiteClock "0:01:06"]
[BlackClock "0:00:07"]

1. d4 Nf6 2. Bg5 d5 3. Nd2 Nbd7 4. e3 h6 5. Bh4 g5 6. Bg3 h5 7. h4 g4 8. Bd3 Bh6 9. Ne2 O-O 10. c3 c6 11. Qc2 Re8 12. c4 e5 13. cxd5 Nxd5 14. a3 N7f6 15. dxe5 Bxe3 16. exf6 Qxf6 17. O-O Bh6 18. Ne4 Qe7 19. N2c3 Nxc3 20. Qxc3 Bf5 21. Nf6+ Kf8 22. Bxf5 Red8 23. Nxh5 f6 24. Rae1 Qf7 25. Nxf6 Bg7 26. Nh7+ Kg8 27. Qc2 1-0


[Site "https://www.chess.com"]

[Event "Titled Tuesday Blitz May 10 Late 2022"]
[White "Holt, Conrad"]
[Black "Plotnikov, Pavel"]
[WhiteFideId "2034387"]
[BlackFideId "4170342"]
[WhiteElo "2586"]
[BlackElo "2298"]
[Result "1-0"]
[Round "03"]
[TimeControl "180+1"]
[Date "2022.05.10"]
[WhiteClock "0:00:18"]
[BlackClock "0:00:03"]

1. d4 d5 2. c4 e6 3. Nc3 Be7 4. cxd5 exd5 5. Bf4 Nf6 6. e3 O-O 7. Bd3 c6 8. Nf3 Nbd7 9. h3 Re8 10. O-O Nf8 11. Qc2 Ng6 12. Bg5 Ne4 13. Bxe7 Qxe7 14. b4 Ng5 15. Nxg5 Qxg5 16. f4 Qe7 17. f5 Qxe3+ 18. Kh2 Nf4 19. Rae1 Qxe1 20. Rxe1 Rxe1 21. Na4 Nxd3 22. Qxd3 f6 23. b5 Re7 24. b6 Bd7 25. Qa3 Ree8 26. Qf3 Re7 27. Qf4 axb6 28. Nxb6 Rae8 29. a4 Re4 30. Qf3 R8e7 31. a5 Be8 32. Nc8 Rc7 33. Nd6 Ree7 34. Qb3 Rcd7 35. Qb4 Bh5 36. g4 Be8 37. Kg3 Kf8 38. Nc8 h5 39. Kf4 hxg4 40. hxg4 Kf7 41. Nxe7 Rxe7 42. g5 Re4+ 43. Kf3 fxg5 44. Qxb7+ Re7 45. a6 Kf6 46. Qxe7+ Kxe7 47. a7 Kf6 48. a8=Q Kxf5 49. Qxe8 g4+ 50. Kg3 g5 51. Qe7 c5 52. Qe5+ Kg6 53. Qe6+ Kh5 54. dxc5 d4 55. Qf6 d3 56. Qg7 d2 57. Qh7# 1-0


[Site "https://www.chess.com"]

[Event "Titled Tuesday Blitz May 10 Late 2022"]
[White "Izzat, Kanan"]
[Black "Romero Ruscalleda, Josep"]
[WhiteFideId "13405209"]
[BlackFideId "2231859"]
[WhiteElo "2362"]
[BlackElo "2305"]
[Result "1-0"]
[Round "03"]
[TimeControl "180+1"]
[Date "2022.05.11"]
[WhiteClock "0:01:04"]
[BlackClock "0:00:23"]

1. e4 g6 2. d4 Bg7 3. Nf3 d6 4. Nc3 a6 5. Be2 b5 6. O-O Bb7 7. Re1 Nd7 8. a4 b4 9. Na2 Bxe4 10. Nxb4 Bb7 11. a5 Ngf6 12. c3 O-O 13. h3 c5 14. dxc5 Nxc5 15. Be3 Qc7 16. Nd2 Nd5 17. Nxd5 Bxd5 18. Nc4 Bb7 19. Nb6 Rad8 20. Bf1 Qc6 21. f3 Ne6 22. Qa4 Qc7 23. Rad1 Be5 24. Nc4 Bg3 25. Bb6 Qc8 26. Bxd8 Qc5+ 27. Re3 Rxd8 28. b4 Qg5 29. Qc2 Nf4 30. Kh1 Rc8 31. Qd2 Nxh3 32. gxh3 Rxc4 33. Bxc4 Bxf3+ 34. Rxf3 1-0


[Site "https://www.chess.com"]

[Event "Titled Tuesday Blitz May 10 Late 2022"]
[White "Jacobson, Brandon"]
[Black "Riehle, Marco"]
[WhiteFideId "30901561"]
[BlackFideId "12904392"]
[WhiteElo "2362"]
[BlackElo "2462"]
[Result "0-1"]
[Round "03"]
[TimeControl "180+1"]
[Date "2022.05.10"]
[WhiteClock "0:01:18"]
[BlackClock "0:01:26"]

1. Nf3 d5 2. e3 c5 3. c4 Nf6 4. cxd5 Nxd5 5. Nc3 Nc6 6. Bb5 e6 7. Ne5 Qc7 8. Qa4 Bd7 9. Nxd7 Qxd7 10. Bxc6 bxc6 11. O-O Be7 12. b3 Nxc3 13. dxc3 O-O 14. Ba3 Rfd8 15. Qa5 Qd5 16. c4 Qd2 17. Qc7 Bf6 18. Rab1 Qxa2 19. Bxc5 Rd2 20. e4 Rad8 21. Be3 R2d3 22. Qxa7 Qxb1 0-1


[Site "https://www.chess.com"]

[Event "Titled Tuesday Blitz May 10 Late 2022"]
[White "Jarovinsky, Alexey"]
[Black "RestartingChess"]
[WhiteFideId "14115131"]
[WhiteElo "2446"]
[BlackElo "2476"]
[Result "1-0"]
[Round "03"]
[TimeControl "180+1"]
[Date "2022.05.11"]
[WhiteClock "0:00:08"]
[BlackClock "0:00:15"]

1. Nc3 Nf6 2. e4 e5 3. f4 d6 4. Nf3 Nc6 5. Bb5 exf4 6. O-O a6 7. Bxc6+ bxc6 8. d3 Be7 9. Bxf4 O-O 10. h3 h6 11. Qd2 Kh7 12. Ne2 Nh5 13. Be3 f5 14. exf5 Bxf5 15. g4 Bxg4 16. hxg4 Nf6 17. g5 Ng4 18. Ng3 d5 19. gxh6 gxh6 20. Nh2 Nxe3 21. Qxe3 Bg5 22. Qe6 Bf4 23. Rf3 Qg5 24. Qg4 Be3+ 25. Kg2 Rxf3 26. Qxf3 Rg8 27. Rf1 h5 28. Kh3 h4 29. Qf7+ Rg7 30. Qh5+ Kg8 31. Qxg5 Rxg5 32. Nf5 Bc5 33. Ng4 Rg6 34. d4 Bf8 35. Nxh4 Re6 36. Ne5 c5 37. Rg1+ Kh7 38. Nhg6 Bg7 39. c3 cxd4 40. cxd4 c5 41. Rg5 cxd4 42. Rh5+ Kg8 43. Kg4 d3 44. Nxd3 Rxg6+ 45. Kf5 Rg2 46. Rg5 Rd2 47. Nf4 Kf7 48. Rg2 Rd1 49. Kg4 d4 50. Rf2 Ke7 51. Kf3 Kd6 52. Ke2 Rb1 53. Nd3 Ra1 54. Kd2 Rxa2 55. Kc2 Ra5 56. Rg2 Bf6 57. Rg6 Ke7 58. Rh6 Rf5 59. Rh7+ Ke6 60. Ra7 a5 61. Ra6+ Kf7 62. Kb3 Rb5+ 63. Kc4 Rh5 64. Rc6 Rh1 65. Rc7+ Kg6 66. Rc5 a4 67. Ra5 Rh2 68. Rxa4 Rc2+ 69. Kb3 Rc8 70. Rb4 Kf5 71. Rb5+ Ke4 72. Nc5+ Ke3 73. Kc4 d3 74. Rb3 Be7 75. Rxd3+ Kf4 76. Rd5 Rb8 77. b4 Bf6 78. Rd3 Be5 79. Rd1 Bb2 80. Rf1+ Ke3 81. Rh1 Ba3 82. Rh3+ Kf4 83. Rxa3 Ke5 84. Rd3 Rc8 85. Re3+ Kf4 86. Rc3 Kf5 87. Rc2 Rb8 88. Rc1 Rg8 89. Rf1+ Ke5 90. Re1+ Kf4 91. Re4+ Kf5 92. b5 Rg1 93. Rd4 Rc1+ 94. Kd5 Rb1 95. Kc6 Kf6 96. Rd5 Ke7 97. Rd7+ Ke8 98. Rd6 Ke7 99. Re6+ Kd8 100. Re4 Rc1 101. b6 Rb1 102. Rd4+ Kc8 103. Rg4 Kd8 104. Rg7 Rb2 105. b7 Rb1 106. Rg8+ Ke7 107. b8=Q Rd1 108. Re8+ Kf6 109. Rf8+ Kg5 110. Rg8+ Kf6 111. Qf8+ Ke5 112. Rg5+ Kd4 113. Qf4+ Kc3 114. Rg3+ Kb2 115. Qb4+ Kc1 116. Qc3+ Kb1 117. Qb3+ Kc1 118. Rc3+ Kd2 119. Qc2+ Ke1 120. Re3+ Kf1 121. Qe2+ Kg1 122. Rg3+ Kh1 123. Qg2# 1-0


[Site "https://www.chess.com"]

[Event "Titled Tuesday Blitz May 10 Late 2022"]
[White "Jegorovas, Aleksandras"]
[Black "Postny, Evgeny"]
[WhiteFideId "12801950"]
[BlackFideId "2804344"]
[WhiteElo "2516"]
[BlackElo "2767"]
[Result "1-0"]
[Round "03"]
[TimeControl "180+1"]
[Date "2022.05.11"]
[WhiteClock "0:00:02"]
[BlackClock "0:00:02"]

1. Nf3 d5 2. d4 Nf6 3. c4 c6 4. e3 Bg4 5. Nc3 e6 6. h3 Bh5 7. g4 Bg6 8. Ne5 Nfd7 9. Nxg6 hxg6 10. a3 Bd6 11. Bd2 Qe7 12. Qb3 b6 13. cxd5 exd5 14. Bg2 a5 15. Rc1 O-O 16. O-O Ra7 17. e4 dxe4 18. Nxe4 a4 19. Qd3 Rd8 20. Rfe1 Qf8 21. Qf3 c5 22. dxc5 Nxc5 23. Nxc5 Bxc5 24. Be3 Re7 25. Bxc5 Rxe1+ 26. Rxe1 Qxc5 27. Qe3 Na6 28. Qxc5 Nxc5 29. Bc6 Rd2 30. Re8+ Kh7 31. Ra8 Nd3 32. Rxa4 Nxf2 33. Bg2 Nd1 34. Rb4 Rxb2 35. Rxb2 Nxb2 36. Kf2 Kh6 37. h4 g5 38. hxg5+ Kxg5 39. Bd5 f6 40. Ke2 Kxg4 41. Bb3 b5 42. Kd2 f5 43. Kc3 Na4+ 44. Kb4 f4 45. Kxb5 Nc3+ 46. Kb4 Ne4 47. a4 f3 48. a5 Nd2 49. Bd1 Kf4 50. a6 f2 51. Be2 Ke3 52. Bb5 1-0


[Site "https://www.chess.com"]

[Event "Titled Tuesday Blitz May 10 Late 2022"]
[White "Jobava, Baadur"]
[Black "Bakalchuk, Johnatan"]
[WhiteFideId "13601520"]
[BlackFideId "2810301"]
[WhiteElo "2617"]
[BlackElo "2486"]
[Result "1-0"]
[Round "03"]
[TimeControl "180+1"]
[Date "2022.05.10"]
[WhiteClock "0:00:06"]
[BlackClock "0:00:02"]

1. b3 Nf6 2. Bb2 g6 3. c4 Bg7 4. g3 O-O 5. Bg2 d6 6. d4 c5 7. Nf3 Qa5+ 8. Qd2 Qxd2+ 9. Nbxd2 Nc6 10. d5 Nb4 11. O-O b5 12. a3 Na6 13. e4 bxc4 14. bxc4 Rb8 15. Bc3 Nd7 16. Bxg7 Kxg7 17. Rfb1 Nb6 18. Ne1 Bd7 19. Nd3 Na4 20. e5 Bf5 21. Be4 Nc3 22. Rxb8 Rxb8 23. Bxf5 gxf5 24. exd6 exd6 25. Re1 Kf6 26. Kg2 Nc7 27. h4 Na8 28. Kf3 Nb6 29. Nf4 Nd7 30. Nh5+ Kg6 31. Nf4+ Kf6 32. Nd3 Ne5+ 33. Nxe5 dxe5 34. Ke3 Rb2 35. Kd3 Na4 36. Rb1 e4+ 37. Ke3 Ra2 38. Rb3 Nb2 39. f3 Nd1+ 40. Ke2 e3 41. Kxd1 Rxd2+ 42. Ke1 Rc2 43. Rxe3 Rxc4 44. d6 Rd4 45. Re7 Rxd6 46. Rxa7 Rd3 47. Ke2 Rb3 48. a4 Ra3 49. g4 c4 50. Ra6+ Ke5 51. Ra5+ Kd4 52. Rxf5 Ra2+ 53. Kd1 c3 54. Rxf7 Ra1+ 55. Kc2 Ra2+ 56. Kc1 Ra1+ 57. Kc2 Ra2+ 58. Kb1 Rb2+ 59. Kc1 Ra2 60. Rxh7 Ke3 61. Re7+ Kxf3 62. g5 Rxa4 63. h5 Rg4 64. g6 Kg3 65. g7 Kh4 66. h6 Kg3 67. h7 1-0


[Site "https://www.chess.com"]

[Event "Titled Tuesday Blitz May 10 Late 2022"]
[White "Joubert, Dantelle"]
[Black "Al-Tarboush, Ward"]
[WhiteFideId "14310813"]
[BlackFideId "7601450"]
[WhiteElo "1507"]
[BlackElo "2294"]
[Result "0-1"]
[Round "03"]
[TimeControl "180+1"]
[Date "2022.05.11"]
[WhiteClock "0:00:01"]
[BlackClock "0:00:44"]

1. Nf3 d5 2. c4 c6 3. d4 Nf6 4. cxd5 cxd5 5. Nc3 Nc6 6. Bf4 a6 7. Rc1 Ne4 8. e3 Bg4 9. Bd3 Nxc3 10. Rxc3 e6 11. O-O Be7 12. Qb3 O-O 13. Ne5 Nxe5 14. Bxe5 b5 15. Bf4 Rc8 16. Rfc1 Rxc3 17. Qxc3 h6 18. h3 Bh5 19. Qc7 Bf6 20. Qxd8 Rxd8 21. Rc6 Ra8 22. g4 Bg6 23. Bxg6 fxg6 24. Rxe6 a5 25. Rd6 Rd8 26. Rb6 b4 27. Ra6 Rc8 28. Rxa5 Rc2 29. Rxd5 Rxb2 30. Rb5 Be7 31. Rb7 Bf8 32. Rb8 Kf7 33. Rb7+ Ke8 34. Be5 Rxa2 35. Bxg7 Bxg7 36. Rxg7 b3 37. Rb7 Rb2 38. Kg2 Rb1 39. d5 Kd8 40. d6 Kc8 41. d7+ Kd8 42. e4 Re1 43. f3 Re2+ 44. Kf1 Rh2 45. Rxb3 Kxd7 46. f4 Ke6 47. Rb6+ Kf7 48. Rb3 Ke6 49. Kg1 Re2 50. Rb6+ Kf7 51. e5 g5 0-1


[Site "https://www.chess.com"]

[Event "Titled Tuesday Blitz May 10 Late 2022"]
[White "Kanyamarala, Tarun"]
[Black "Babazada, Khazar"]
[WhiteFideId "45004714"]
[BlackFideId "13413554"]
[WhiteElo "2540"]
[BlackElo "2857"]
[Result "0-1"]
[Round "03"]
[TimeControl "180+1"]
[Date "2022.05.11"]
[WhiteClock "0:00:20"]
[BlackClock "0:00:26"]

1. d4 Nf6 2. Nf3 e6 3. Bf4 b6 4. e3 Bb7 5. Bd3 Be7 6. h3 O-O 7. O-O c5 8. Nbd2 d5 9. c3 Nbd7 10. Qe2 Ne4 11. Ne5 Nxe5 12. Bxe5 Bd6 13. Bxd6 Nxd6 14. dxc5 bxc5 15. e4 Qg5 16. f4 Qh4 17. e5 Nc8 18. Nf3 Qxf4 19. h4 Qh6 20. Ng5 g6 21. Qg4 Ne7 22. Rf6 Nf5 23. Bxf5 exf5 24. Qf4 Qg7 25. h5 Rad8 26. Kf2 d4 27. Rh1 dxc3 28. bxc3 Bd5 29. hxg6 h6 30. Nxf7 Bxf7 31. gxf7+ Rxf7 32. Rfxh6 Rfd7 33. Rh8+ Qxh8 34. Rxh8+ Kxh8 35. Qh4+ Kg7 36. Qg5+ Kf8 37. Qxf5+ Rf7 38. g4 Rxf5+ 39. gxf5 Rd5 0-1


[Site "https://www.chess.com"]

[Event "Titled Tuesday Blitz May 10 Late 2022"]
[White "Karttunen, Mika"]
[Black "Hess, Robert"]
[WhiteFideId "502081"]
[BlackFideId "2022036"]
[WhiteElo "2540"]
[BlackElo "2856"]
[Result "1-0"]
[Round "03"]
[TimeControl "180+1"]
[Date "2022.05.11"]
[WhiteClock "0:00:27"]
[BlackClock "0:00:01"]

1. d4 g6 2. c4 Bg7 3. Nc3 c5 4. d5 Bxc3+ 5. bxc3 f5 6. e4 fxe4 7. Qc2 Qa5 8. f3 Nf6 9. Bd2 d6 10. fxe4 Nbd7 11. Nf3 Ng4 12. h4 Ndf6 13. Bd3 Bd7 14. e5 dxe5 15. O-O Ba4 16. Qb1 O-O-O 17. Re1 Qc7 18. Qb2 Rhf8 19. Be4 Nxe4 20. Rxe4 Nf6 21. Re2 e4 22. Nh2 Bd7 23. Rf1 Nh5 24. Rxe4 Bf5 25. Ree1 Bd3 26. Rxf8 Rxf8 27. Bg5 Qg3 28. Rxe7 b6 29. Qd2 Bxc4 30. d6 Bb5 31. d7+ Kd8 32. Re8+ 1-0


[Site "https://www.chess.com"]

[Event "Titled Tuesday Blitz May 10 Late 2022"]
[White "Kate1606"]
[Black "Kanyamarala, Trisha"]
[BlackFideId "45004722"]
[WhiteElo "2083"]
[BlackElo "2134"]
[Result "0-1"]
[Round "03"]
[TimeControl "180+1"]
[Date "2022.05.11"]
[WhiteClock "0:00:01"]
[BlackClock "0:00:15"]

1. e4 c5 2. a3 d6 3. b4 Nf6 4. Nc3 e6 5. Nf3 Nc6 6. b5 Nd4 7. Nxd4 cxd4 8. Ne2 Nxe4 9. d3 Qa5+ 10. Bd2 Nxd2 11. Qxd2 Qxd2+ 12. Kxd2 e5 13. g3 Bd7 14. Rb1 Be7 15. Bg2 Rb8 16. c3 dxc3+ 17. Nxc3 Bg5+ 18. Ke2 O-O 19. Nd5 Rfc8 20. h4 Bd8 21. Rb2 Be6 22. Ne3 Rc3 23. a4 Ra3 24. Bd5 Rxa4 25. Bxe6 fxe6 26. Rc1 Kf7 27. Rbc2 Ke7 28. Nc4 Rb4 29. Nd2 Rxb5 30. Ne4 d5 31. Nc5 Rb6 32. Na4 Rd6 0-1


[Site "https://www.chess.com"]

[Event "Titled Tuesday Blitz May 10 Late 2022"]
[White "Kazakouski, Valery"]
[Black "Terry, Renato"]
[WhiteFideId "13507443"]
[BlackFideId "3803457"]
[WhiteElo "2524"]
[BlackElo "2577"]
[Result "1/2-1/2"]
[Round "03"]
[TimeControl "180+1"]
[Date "2022.05.10"]
[WhiteClock "0:00:03"]
[BlackClock "0:00:05"]

1. d4 d5 2. c4 c6 3. Nf3 Nf6 4. Qc2 dxc4 5. Qxc4 Bf5 6. g3 Nbd7 7. Bg2 e6 8. O-O Be7 9. Qb3 Qb6 10. Nbd2 Ne4 11. Nc4 Qxb3 12. axb3 a6 13. Na5 O-O-O 14. Bf4 g5 15. Be3 h6 16. Rfc1 Bd6 17. Ne1 Bc7 18. Nd3 Nef6 19. Nb4 Be4 20. f3 Bg6 21. Bf2 Nd5 22. Nc2 f5 23. e3 Kb8 24. b4 Bd6 25. Be1 N7b6 26. e4 Ne7 27. Nb3 f4 28. Nc5 Bf7 29. g4 e5 30. Bc3 Ng6 31. Bf1 Rhe8 32. Kf2 Bc4 33. Rd1 Kc8 34. b3 Bf7 35. Rab1 Nd7 36. Nd3 Bc7 37. Be2 Bb6 38. Kg2 Bc7 39. Kf1 Re7 40. Na3 Bb6 41. dxe5 Ndxe5 42. Nc5 Ree8 43. Nc4 Bc7 44. Kf2 Rg8 45. Rxd8+ Rxd8 46. h3 Kb8 47. Ra1 Kc8 48. Na5 Bxa5 49. bxa5 Re8 50. Ke1 Kc7 51. Rd1 Re7 52. Kd2 Be8 53. Kc2 Bf7 54. Rf1 Nh4 55. Bd4 Re8 56. Kc3 Ng2 57. b4 Nh4 58. Bxe5+ Rxe5 59. Rd1 Re7 60. Rd2 Ng6 61. Bd1 Ne5 62. Rh2 h5 63. Rd2 h4 64. Be2 Be8 65. Rd4 Ng6 66. Rd2 Ne5 67. Rd4 Bf7 68. Rd2 Ng6 69. Bd1 Ne5 70. Be2 1/2-1/2


[Site "https://www.chess.com"]

[Event "Titled Tuesday Blitz May 10 Late 2022"]
[White "Keller, Peter"]
[Black "Barria Zuniga, Daniel"]
[WhiteFideId "1272105"]
[BlackFideId "3400816"]
[WhiteElo "2275"]
[BlackElo "2414"]
[Result "0-1"]
[Round "03"]
[TimeControl "180+1"]
[Date "2022.05.11"]
[WhiteClock "0:01:47"]
[BlackClock "0:02:47"]

1. e4 e6 2. d4 d5 3. Nc3 Bb4 4. e5 Ne7 5. a3 Bxc3+ 6. bxc3 c5 7. Qg4 O-O 8. Bd3 Nd7 9. Qh5 f5 10. exf6 Nxf6 11. Qe2 c4 0-1


[Site "https://www.chess.com"]

[Event "Titled Tuesday Blitz May 10 Late 2022"]
[White "Kim, Sergey"]
[Black "Leitao, Rafael"]
[WhiteFideId "13700570"]
[BlackFideId "2101246"]
[WhiteElo "2474"]
[BlackElo "2609"]
[Result "1/2-1/2"]
[Round "03"]
[TimeControl "180+1"]
[Date "2022.05.11"]
[WhiteClock "0:00:08"]
[BlackClock "0:00:03"]

1. d4 Nf6 2. c4 e6 3. Nc3 Bb4 4. Qc2 O-O 5. a3 Bxc3+ 6. Qxc3 d5 7. Nf3 dxc4 8. Qxc4 b6 9. g3 Ba6 10. Qc2 Nbd7 11. Qc6 Qc8 12. Bg2 Bb7 13. Qa4 c5 14. O-O Bc6 15. Qc2 Qb7 16. dxc5 Nxc5 17. Bg5 Nfe4 18. Be3 Rac8 19. b4 Na4 20. Rac1 Nac3 21. Nd4 Bd5 22. Qb2 Nd6 23. f3 Na4 24. Qd2 Nc4 25. Qd3 Rfd8 26. Bf2 e5 27. Nf5 Be6 28. Qb1 Nxa3 29. Rxc8 Rxc8 30. Qa1 Nc4 31. e4 b5 32. Qc1 f6 33. Rd1 Qc7 34. Ne3 Rd8 35. Nd5 Bxd5 36. exd5 Rc8 37. f4 exf4 38. Qxf4 Qxf4 39. gxf4 Nab2 40. Ra1 Na4 41. Rd1 Nab2 42. Ra1 Nd3 43. Bxa7 Nxf4 44. d6 Nxd6 45. Bf3 Nc4 46. Bc5 g5 47. Ra7 Rd8 48. Bc6 Rd1+ 49. Kf2 Rd2+ 50. Ke1 Ne5 51. Bxb5 Nf3+ 52. Kf1 Nxh2+ 53. Ke1 Nf3+ 54. Kf1 Nh2+ 55. Ke1 Nf3+ 56. Kf1 Nh2+ 1/2-1/2


[Site "https://www.chess.com"]